 Dungeon Sprint DCSS version 0.17-a0-2115-g0d8b93e (webtiles) character file.

21000000 Ordine the Axe Maniac (level 27, -52/298 HPs)
             Began as a Deep Dwarf Warper on Oct 19, 2015.
             Was the Champion of Makhleb.
             Annihilated by a fleshlord
             ... wielding a +9 great mace
              (332 damage)
             ... in the Dungeon (Sprint VIII: "Arena of Blood") on Oct 20, 2015.
             The game lasted 00:12:38 (210 turns).

Ordine the Axe Maniac (Deep Dwarf Warper)            Turns: 210, Time: 00:12:38

Health: -52/298    AC:  6    Str: 17    XL:     27
Magic:  54/54      EV: 36    Int: 16    God:    Makhleb [******]
Gold:   0          SH:  0    Dex: 21    Spells: 1 memorised, 79 levels left

rFire  + . .     SeeInvis +     l - +∞ Axe of Woe
rCold  . . .     Clarity  .     a - +0 leather armour
rNeg   + . .     SustAt   .     (no shield)
rPois  .         Gourm    .     (no helmet)
rElec  .         Spirit   .     (no cloak)
rCorr  .         Warding  .     (no gloves)
rMut   .         NoTele   +     (no boots)
MR     ++++.                    (no amulet)
Stlth  +++++++++.               c - ring of see invisible
                                m - ring of protection from fire

@: lethally poisoned (-52 -> -89), non-regenerating, slowed, very slow,
incredibly resistant to hostile enchantments, incredibly stealthy
A: damage resistance, recharge devices, negative energy resistance 1, sense
surroundings 3, slow regeneration 3
a: Device Recharging, Minor Destruction, Lesser Servant of Makhleb, Major
Destruction, Greater Servant of Makhleb, Renounce Religion


You were in the Dungeon.
You worshipped Makhleb.
Makhleb was exalted by your worship.
You were not hungry.

You visited 1 branch

Inventory:

Hand Weapons
 l - the +∞ Axe of Woe (weapon)
   (You found it in the Dungeon)
Missiles
 d - 5 tomahawks of dispersal (quivered)
Armour
 a - a +0 leather armour (worn)
Jewellery
 c - a ring of see invisible (right hand)
 m - a ring of protection from fire (left hand)
Wands
 e - a wand of heal wounds (4)
Potions
 i - a potion of haste
 j - 2 potions of magic
 k - a potion of berserk rage
Books
 b - a book of Spatial Translocations

   Spells                             Type                      Level
   a - Apportation                    Translocation                1
   b - Blink                          Translocation                2
   c - Shroud of Golubria             Charms/Translocation         2
   d - Portal Projectile              Translocation                3
   e - Teleport Other                 Translocation                3
   f - Passage of Golubria            Translocation                4
Comestibles
 f - a bread ration


   Skills:
 O Level 27 Fighting
 O Level 27 Axes
 O Level 27 Throwing
 O Level 27 Armour
 O Level 27 Dodging
 O Level 27 Stealth
 O Level 27 Unarmed Combat
 O Level 27 Spellcasting
 O Level 27 Translocations
 O Level 27 Invocations
 O Level 27 Evocations


You had 79 spell levels left.
You knew the following spells:

 Your Spells              Type           Power        Failure   Level  Hunger
a - Apportation           Tloc           #######...   0%          1    None


Dungeon Overview and Level Annotations

Branches:
Dungeon (1/1)

Altars:
Makhleb

Annotations:
D The Defiler


Innate Abilities, Weirdness & Mutations

You are resistant to damage.
You can recharge devices by infusing magical energy.
You resist negative energy.
You passively map a large area around you.
You do not regenerate naturally.


Message History

Unknown command.
Unknown command.
Unknown command.
Unknown command.
The bag of meat shouts!
You slice the fleshlord!!
You slaughter the fleshlord joyfully.
You kill the fleshlord!
Makhleb accepts your kill.
You feel better.
You feel very sick.
You hear a shout! x4
The dread moves out of view.
You hear a shout! x2
The fleshlord casts a spell.
The fleshlord seems to speed up.
The accursed gestures at you while chanting.
Something smites you!
The fleshlord hits you with a +9 great mace!!!!!!
Ouch! That really hurt!
You die...

, .......o##.....#.....#
,
,p.Co...#......#..).##...
, , ,,
zo.....#...###....#.....
, , *
#.oW............#.......
,
..)@M..................#
*,
.#.W..C####.........####
, , ....C.)).#)).....####
,, ,......p).o.M..#### *
, ,.......@...####
############


You could see 2 accurseds, 2 fleshlords, a sculptor of flesh (wandering), 3
large bags of meat, The Defiler, a wretched soul (invisible), a dread and 4 bags
of meat.

Vanquished Creatures
  14 hell knights (D)
  11 hell beasts (D)
  6 greater mummies (D)
  8 great orbs of eyes (D)
  11 wraiths (D)
  14 vampire knights (D)
  37 ogres (D)
  7 liches (D)
  9 hydras (D)
  86 orcs (D)
  11 phantoms (D)
  7 hill giants (D)
  5 skeletal warriors (D)
  5 sea snakes (D)
  5 large abominations (D)
  12 small abominations (D)
  14 crawling corpses (D)
262 creatures vanquished.

Vanquished Creatures (others)
  A great orb of eyes (D)
  A hydra (D)
  6 orcs (D)
  A small abomination (D)
  4 crawling corpses (D)
13 creatures vanquished.

Grand Total: 275 creatures vanquished

Notes
Turn   | Place    | Note
--------------------------------------------------------------
     0 | D        | Ordine the Deep Dwarf Warper began the quest for the Orb.
     0 | D        | Reached XP level 1. HP: 19/19 MP: 3/3
     2 | D        | Noticed a bag of meat
     3 | D        | Noticed a bag of meat
     3 | D        | Became a worshipper of Makhleb the Destroyer
     5 | D        | Noticed a bag of meat
     5 | D        | Noticed a bag of meat
     7 | D        | Noticed a bag of meat
     8 | D        | Noticed a meat berserker
     8 | D        | Noticed a meat berserker
     8 | D        | Killed a bag of meat
     8 | D        | Reached skill level 27 in Axes
     8 | D        | Reached XP level 2. HP: 24/33 MP: 4/4
     8 | D        | Reached XP level 3. HP: 29/40 MP: 5/5
     8 | D        | Reached XP level 4. HP: 34/48 MP: 6/6
     8 | D        | Reached XP level 5. HP: 38/55 MP: 7/7
     8 | D        | Reached XP level 6. HP: 42/62 MP: 8/8
     8 | D        | Reached XP level 7. HP: 46/69 MP: 9/9
     8 | D        | Reached XP level 8. HP: 50/76 MP: 10/10
     8 | D        | Gained mutation: You passively map the area around you. [Deep Dwarf growth]
     8 | D        | Reached XP level 9. HP: 53/82 MP: 11/11
     8 | D        | Reached XP level 10. HP: 58/91 MP: 12/12
     8 | D        | Reached XP level 11. HP: 61/97 MP: 13/13
     9 | D        | Noticed a bag of meat
     9 | D        | Killed a bag of meat
     9 | D        | Reached * piety under Makhleb
     9 | D        | Reached XP level 12. HP: 64/135 MP: 14/14
    10 | D        | Noticed a bag of meat
    10 | D        | Noticed a bag of meat
    11 | D        | Noticed a bag of meat
    11 | D        | Noticed a bag of meat
    11 | D        | Noticed a bag of meat
    11 | D        | Noticed a bag of meat
    12 | D        | Noticed a bag of meat
    12 | D        | Noticed a bag of meat
    12 | D        | Noticed a bag of meat
    12 | D        | Killed a bag of meat
    12 | D        | Reached XP level 13. HP: 109/156 MP: 15/15
    12 | D        | Killed a bag of meat
    12 | D        | Reached ** piety under Makhleb
    12 | D        | Gained mutation: You resist negative energy. [Deep Dwarf growth]
    12 | D        | Reached XP level 14. HP: 114/172 MP: 16/16
    12 | D        | Killed a meat berserker
    12 | D        | Reached skill level 27 in Fighting
    12 | D        | Reached XP level 15. HP: 178/190 MP: 17/17
    12 | D        | Killed a meat berserker
    12 | D        | Reached *** piety under Makhleb
    13 | D        | Noticed a bag of meat
    13 | D        | Noticed a bag of meat
    13 | D        | Noticed a meat berserker
    13 | D        | Noticed a bag of meat
    14 | D        | Noticed a bag of meat
    14 | D        | Noticed a meat berserker
    14 | D        | Killed a bag of meat
    14 | D        | Reached XP level 16. HP: 200/200 MP: 18/18
    15 | D        | Noticed a bag of meat
    15 | D        | Noticed a bag of meat
    16 | D        | Noticed a bag of meat
    16 | D        | Noticed a bag of meat
    16 | D        | Noticed a meat berserker
    16 | D        | Noticed a meat berserker
    17 | D        | Noticed a bag of meat
    17 | D        | Noticed a bag of meat
    18 | D        | Noticed a bag of meat
    18 | D        | Killed a meat berserker
    18 | D        | Reached skill level 27 in Dodging
    18 | D        | Killed a bag of meat
    18 | D        | Reached **** piety under Makhleb
    18 | D        | Reached skill level 27 in Stealth
    18 | D        | Reached XP level 17. HP: 208/208 MP: 19/19
    19 | D        | Killed a bag of meat
    19 | D        | Reached skill level 15 in Armour
    19 | D        | Killed a bag of meat
    19 | D        | Killed a bag of meat
    19 | D        | Reached ***** piety under Makhleb
    19 | D        | Killed a bag of meat
    19 | D        | Reached skill level 27 in Armour
    19 | D        | Gained mutation: You passively map a large area around you. [Deep Dwarf growth]
    19 | D        | Reached XP level 18. HP: 218/218 MP: 19/24
    20 | D        | Killed a bag of meat
    20 | D        | Killed a meat berserker
    21 | D        | Noticed a bag of meat
    21 | D        | Noticed a bag of meat
    21 | D        | Killed a bag of meat
    21 | D        | Reached XP level 19. HP: 226/226 MP: 19/45
    21 | D        | Killed a bag of meat
    21 | D        | Killed a meat berserker
    21 | D        | Reached ****** piety under Makhleb
    21 | D        | Reached skill level 27 in Spellcasting
    22 | D        | Noticed a destroyer
    22 | D        | Noticed a bag of meat
    22 | D        | Killed a bag of meat
    22 | D        | Killed a meat berserker
    22 | D        | Reached XP level 20. HP: 229/236 MP: 19/51
    22 | D        | Killed a bag of meat
    22 | D        | Reached skill level 27 in Translocations
    22 | D        | Reached skill level 15 in Invocations
    23 | D        | Noticed a meat berserker
    23 | D        | Noticed a bag of meat
    23 | D        | Killed a bag of meat
    23 | D        | Killed a destroyer
    23 | D        | Reached skill level 27 in Invocations
    23 | D        | Killed a bag of meat
    23 | D        | Reached XP level 21. HP: 244/244 MP: 19/52
    24 | D        | Killed a bag of meat
    24 | D        | Reached skill level 27 in Evocations
    24 | D        | Killed a bag of meat
    25 | D        | Noticed a meat berserker
    25 | D        | Killed a bag of meat
    25 | D        | Killed a bag of meat
    26 | D        | Noticed a bag of meat
    26 | D        | Noticed a bag of meat
    26 | D        | Killed a bag of meat
    26 | D        | Killed a bag of meat
    26 | D        | Reached skill level 27 in Unarmed Combat
    26 | D        | Reached XP level 22. HP: 254/254 MP: 20/53
    26 | D        | Killed a bag of meat
    26 | D        | Reached skill level 15 in Throwing
    27 | D        | Noticed a large bag of meat
    27 | D        | Noticed a bag of meat
    27 | D        | Killed a large bag of meat
    28 | D        | Noticed a large bag of meat
    28 | D        | Noticed a bag of meat
    28 | D        | Noticed a destroyer
    28 | D        | Noticed a large bag of meat
    28 | D        | Noticed a bag of meat
    28 | D        | Noticed a bag of meat
    28 | D        | Noticed a bag of meat
    28 | D        | Noticed a bag of meat
    28 | D        | Noticed a meat berserker
    28 | D        | Noticed a bag of meat
    29 | D        | Noticed a bag of meat
    29 | D        | Noticed a large bag of meat
    29 | D        | Noticed a destroyer
    29 | D        | Noticed a bag of meat
    29 | D        | Noticed a destroyer
    29 | D        | Noticed a meat berserker
    29 | D        | Noticed a meat berserker
    30 | D        | Noticed a bag of meat
    30 | D        | Noticed a meat berserker
    30 | D        | Killed a meat berserker
    31 | D        | Noticed a bag of meat
    31 | D        | Killed a meat berserker
    31 | D        | Reached skill level 27 in Throwing
    31 | D        | Killed a bag of meat
    31 | D        | Reached XP level 23. HP: 262/262 MP: 21/54
    32 | D        | Killed a destroyer
    32 | D        | Killed a meat berserker
    32 | D        | Killed a bag of meat
    33 | D        | Noticed a bag of meat
    33 | D        | Noticed a bag of meat
    33 | D        | Noticed a destroyer
    34 | D        | Killed a meat berserker
    34 | D        | Reached XP level 24. HP: 272/272 MP: 22/54
    34 | D        | Killed a bag of meat
    35 | D        | Noticed a bag of meat
    35 | D        | Noticed a meat berserker
    35 | D        | Noticed a bag of meat
    35 | D        | Noticed a meat berserker
    35 | D        | Killed a large bag of meat
    36 | D        | Killed a bag of meat
    36 | D        | Killed a bag of meat
    36 | D        | Killed a bag of meat
    36 | D        | Noticed a destroyer
    37 | D        | Noticed a bag of meat
    37 | D        | Noticed a destroyer
    37 | D        | Killed a destroyer
    37 | D        | Killed a bag of meat
    37 | D        | Killed a meat berserker
    37 | D        | Reached XP level 25. HP: 280/280 MP: 23/54
    38 | D        | Killed a destroyer
    38 | D        | Killed a bag of meat
    38 | D        | Killed a bag of meat
    38 | D        | Killed a bag of meat
    38 | D        | Killed a meat berserker
    38 | D        | Reached XP level 26. HP: 290/290 MP: 23/54
    39 | D        | Noticed a bag of meat
    39 | D        | Noticed a destroyer
    39 | D        | Killed a bag of meat
    39 | D        | Killed a bag of meat
    40 | D        | Killed a destroyer
    41 | D        | Noticed a bag of meat
    41 | D        | Killed a meat berserker
    41 | D        | Killed a bag of meat
    42 | D        | Noticed a destroyer
    42 | D        | Noticed a sculptor of flesh
    42 | D        | Killed a destroyer
    42 | D        | Reached XP level 27. HP: 298/298 MP: 24/54
    42 | D        | Killed a bag of meat
    42 | D        | Killed a bag of meat
    42 | D        | Killed a meat berserker
    42 | D        | Killed a large bag of meat
    43 | D        | Noticed a bag of meat
    43 | D        | Noticed a bag of meat
    43 | D        | Killed a bag of meat
    43 | D        | Killed a bag of meat
    44 | D        | Noticed a bag of meat
    44 | D        | Noticed a bag of meat
    44 | D        | Killed a destroyer
    44 | D        | Killed a bag of meat
    44 | D        | Killed a bag of meat
    45 | D        | Noticed a meat berserker
    45 | D        | Killed a large bag of meat
    46 | D        | Noticed a bag of meat
    46 | D        | Noticed a bag of meat
    46 | D        | Noticed a tyrant
    46 | D        | Noticed a bag of meat
    46 | D        | Noticed a bag of meat
    46 | D        | Killed a bag of meat
    46 | D        | Killed a bag of meat
    46 | D        | Killed a bag of meat
    47 | D        | Noticed a bag of meat
    47 | D        | Noticed a meat berserker
    47 | D        | Noticed a meat berserker
    47 | D        | Noticed an eight-headed meat hydra
    47 | D        | Noticed a sculptor of flesh
    47 | D        | Killed a tyrant
    47 | D        | Killed a destroyer
    47 | D        | Killed a bag of meat
    48 | D        | Noticed a meat berserker
    48 | D        | Noticed a sculptor of flesh
    49 | D        | Noticed an accursed
    49 | D        | Noticed a bag of meat
    49 | D        | Noticed a meat berserker
    49 | D        | Killed a bag of meat
    49 | D        | Killed a destroyer
    50 | D        | Noticed a bag of meat
    50 | D        | Killed a bag of meat
    50 | D        | Killed a bag of meat
    51 | D        | Noticed a bag of meat
    51 | D        | Noticed a tyrant
    52 | D        | Noticed a bag of meat
    52 | D        | Noticed a bag of meat
    52 | D        | Noticed a bag of meat
    52 | D        | Noticed a destroyer
    52 | D        | Noticed an accursed
    52 | D        | Noticed an accursed
    52 | D        | Killed an accursed
    52 | D        | Killed a bag of meat
    52 | D        | Killed a meat berserker
    52 | D        | Killed a meat berserker
    52 | D        | Killed a bag of meat
    53 | D        | Noticed a bag of meat
    53 | D        | Killed a meat berserker
    53 | D        | Killed a bag of meat
    54 | D        | Noticed a large bag of meat
    54 | D        | Killed a bag of meat
    54 | D        | Killed a sculptor of flesh
    55 | D        | Killed a meat berserker
    55 | D        | Killed a bag of meat
    55 | D        | Killed a bag of meat
    56 | D        | Noticed a bag of meat
    56 | D        | Noticed a bag of meat
    56 | D        | Killed a bag of meat
    56 | D        | Noticed a bag of meat
    57 | D        | Noticed a meat berserker
    58 | D        | Noticed a destroyer
    58 | D        | Noticed a meat berserker
    58 | D        | Killed a destroyer
    58 | D        | Killed a meat berserker
    58 | D        | Killed a sculptor of flesh
    59 | D        | Noticed a destroyer
    59 | D        | Noticed a bag of meat
    59 | D        | Killed a bag of meat
    60 | D        | Noticed a bag of meat
    60 | D        | Noticed a bag of meat
    60 | D        | Killed an accursed
    60 | D        | Killed a bag of meat
    60 | D        | Killed a bag of meat
    61 | D        | Noticed a bag of meat
    61 | D        | Noticed a bag of meat
    61 | D        | Noticed a dread
    61 | D        | Noticed a large bag of meat
    61 | D        | Killed a bag of meat
    61 | D        | Killed a tyrant
    62 | D        | Noticed a tyrant
    62 | D        | Killed a bag of meat
    63 | D        | Noticed a bag of meat
    63 | D        | Noticed a destroyer
    63 | D        | Killed a sculptor of flesh
    63 | D        | Killed a meat berserker
    64 | D        | Noticed a bag of meat
    64 | D        | Noticed a meat berserker
    64 | D        | Killed a bag of meat
    65 | D        | Noticed a tyrant
    65 | D        | Noticed a meat beast
    65 | D        | Killed a meat berserker
    65 | D        | Killed a bag of meat
    66 | D        | Noticed a meat beast
    66 | D        | Noticed a bag of meat
    66 | D        | Killed a bag of meat
    66 | D        | Killed a meat beast
    67 | D        | Killed an accursed
    67 | D        | Killed a destroyer
    67 | D        | Killed a bag of meat
    68 | D        | Killed a destroyer
    68 | D        | Killed a meat beast
    69 | D        | Noticed a bag of meat
    69 | D        | Noticed a meat berserker
    69 | D        | Killed a destroyer
    69 | D        | Killed a bag of meat
    69 | D        | Killed a large bag of meat
    69 | D        | Killed a bag of meat
    69 | D        | Killed a bag of meat
    69 | D        | Killed an eight-headed meat hydra
    69 | D        | Killed a bag of meat
    69 | D        | Killed a bag of meat
    70 | D        | Killed a meat berserker
    70 | D        | Killed a large bag of meat
    71 | D        | Noticed a meat berserker
    72 | D        | Noticed a bag of meat
    73 | D        | Noticed a dread
    73 | D        | Noticed a meat berserker
    73 | D        | Killed a bag of meat
    73 | D        | Killed a bag of meat
    73 | D        | Killed a tyrant
    74 | D        | Noticed a bag of meat
    75 | D        | Killed a bag of meat
    75 | D        | Killed a tyrant
    76 | D        | Noticed a bag of meat
    76 | D        | Killed a meat berserker
    77 | D        | Killed a dread
    78 | D        | Noticed a tyrant
    78 | D        | Noticed a bag of meat
    79 | D        | Noticed a dread
    79 | D        | Noticed a meat berserker
    79 | D        | Noticed a bag of meat
    79 | D        | Killed a meat berserker
    79 | D        | Killed a meat berserker
    80 | D        | Noticed a bag of meat
    80 | D        | Noticed a sculptor of flesh
    81 | D        | Noticed a dread
    82 | D        | Noticed a bag of meat
    82 | D        | Noticed a meat beast
    83 | D        | Killed a bag of meat
    85 | D        | Killed a bag of meat
    86 | D        | Killed a bag of meat
    86 | D        | Killed a tyrant
    86 | D        | Killed a meat berserker
    87 | D        | Killed a bag of meat
    87 | D        | Killed a meat beast
    87 | D        | Killed a dread
    87 | D        | Killed a wretched soul
    87 | D        | Killed a wretched soul
    89 | D        | Killed a bag of meat
    89 | D        | Killed a bag of meat
    90 | D        | Noticed a meat berserker
    90 | D        | Killed a bag of meat
    91 | D        | Noticed a bag of meat
    92 | D        | Noticed a meat beast
    92 | D        | Noticed a meat beast
    92 | D        | Killed a bag of meat
    92 | D        | Killed a bag of meat
    92 | D        | Killed a bag of meat
    92 | D        | Noticed a tyrant
    93 | D        | Noticed a large bag of meat
    93 | D        | Noticed a meat beast
    95 | D        | Killed a wretched soul
    96 | D        | Noticed an accursed
    96 | D        | Killed a meat beast
    96 | D        | Killed a meat berserker
    97 | D        | Noticed a bag of meat
    97 | D        | Killed a dread
    97 | D        | Killed a meat beast
    98 | D        | Noticed an accursed
    98 | D        | Killed a meat beast
   100 | D        | Noticed a bag of meat
   100 | D        | Killed a tyrant
   100 | D        | Killed a dread
   102 | D        | Killed a bag of meat
   103 | D        | Killed a large bag of meat
   103 | D        | Killed a sculptor of flesh
   106 | D        | Killed an accursed
   108 | D        | Noticed a dread
   108 | D        | Killed a wretched soul
   110 | D        | Killed an accursed
   111 | D        | Noticed an accursed
   112 | D        | Killed a wretched soul
   113 | D        | Killed an observer
   117 | D        | Noticed a dread
   117 | D        | Noticed a meat berserker
   117 | D        | Killed a bag of meat
   121 | D        | Noticed a fleshlord
   122 | D        | Killed an accursed
   123 | D        | Killed a dread
   124 | D        | Noticed a dread
   124 | D        | Killed a meat berserker
   124 | D        | Noticed a fleshlord
   125 | D        | Killed a fleshlord
   127 | D        | Killed a bag of meat
   129 | D        | Killed a dread
   130 | D        | Noticed a fleshlord
   130 | D        | Noticed a fleshlord
   132 | D        | Noticed a fleshlord
   132 | D        | Killed a fleshlord
   132 | D        | Killed a wretched soul
   132 | D        | Killed an observer
   133 | D        | Noticed a fleshlord
   134 | D        | Killed a fleshlord
   136 | D        | Killed a fleshlord
   137 | D        | Noticed a meat beast
   138 | D        | Noticed a meat berserker
   139 | D        | Noticed a meat berserker
   139 | D        | Killed a fleshlord
   140 | D        | Noticed a meat beast
   140 | D        | Killed a dread
   141 | D        | Noticed a fleshlord
   141 | D        | Killed a meat beast
   142 | D        | Noticed a meat beast
   143 | D        | Killed a meat berserker
   144 | D        | Noticed a destroyer
   144 | D        | Killed a meat beast
   144 | D        | Killed a meat berserker
   145 | D        | Noticed a meat berserker
   146 | D        | Noticed a meat berserker
   146 | D        | Killed a meat beast
   147 | D        | Noticed a fleshlord
   148 | D        | Noticed a tyrant
   148 | D        | Noticed a fleshlord
   148 | D        | Noticed a fleshlord
   149 | D        | Noticed a dread
   149 | D        | Killed a meat berserker
   151 | D        | Killed a fleshlord
   151 | D        | Killed a dread
   152 | D        | Killed a fleshlord
   152 | D        | Killed a fleshlord
   153 | D        | Killed a meat berserker
   155 | D        | Killed a fleshlord
   155 | D        | Killed a fleshlord
   155 | D        | Killed a destroyer
   157 | D        | Killed a tyrant
   158 | D        | Killed an observer
   158 | D        | Killed an observer
   159 | D        | Killed a wretched soul
   161 | D        | Noticed a meat berserker
   162 | D        | Noticed a meat berserker
   162 | D        | Killed a wretched soul
   164 | D        | Noticed a meat beast
   164 | D        | Noticed a meat beast
   164 | D        | Killed a wretched soul
   165 | D        | Noticed a meat berserker
   167 | D        | Noticed a bag of meat
   167 | D        | Killed a meat berserker
   167 | D        | Killed a meat berserker
   168 | D        | Killed a meat beast
   168 | D        | Killed a meat beast
   169 | D        | Noticed a bag of meat
   170 | D        | Killed a meat berserker
   174 | D        | Killed a wretched soul
   175 | D        | Killed an observer
   177 | D        | Killed an observer
   179 | D        | Noticed a fleshlord
   180 | D        | Killed a bag of meat
   182 | D        | Noticed a fleshlord
   184 | D        | Noticed a bag of meat
   186 | D        | Noticed a dread
   190 | D        | Noticed a fleshlord
   190 | D        | Killed a fleshlord
   191 | D        | Killed a fleshlord
   192 | D        | Killed a dread
   193 | D        | Noticed a wretched soul
   195 | D        | Noticed an observer
   196 | D        | Noticed a bag of meat
   197 | D        | Noticed an observer
   197 | D        | Noticed a dread
   197 | D        | Killed a fleshlord
   197 | D        | Noticed a bag of meat
   198 | D        | Noticed a meat berserker
   198 | D        | Noticed a dread
   199 | D        | Noticed a meat berserker
   199 | D        | Noticed an accursed
   200 | D        | Killed an observer
   201 | D        | Noticed an accursed
   201 | D        | Killed a wretched soul
   201 | D        | Killed a meat berserker
   202 | D        | Noticed a bag of meat
   202 | D        | Noticed an observer
   202 | D        | Noticed an accursed
   202 | D        | Noticed a fleshlord
   202 | D        | Noticed a bag of meat
   203 | D        | Noticed a large bag of meat
   203 | D        | Noticed a fleshlord
   203 | D        | Killed an observer
   204 | D        | Killed a meat berserker
   205 | D        | Noticed a bag of meat
   205 | D        | Noticed a wretched soul
   206 | D        | Noticed a large bag of meat
   206 | D        | Noticed The Defiler
   207 | D        | Killed a dread
   207 | D        | Killed a bag of meat
   208 | D        | Noticed a dread
   208 | D        | Killed a bag of meat
   208 | D        | Killed a bag of meat
   208 | D        | Killed a bag of meat
   209 | D        | Noticed a bag of meat
   209 | D        | Noticed a fleshlord
   209 | D        | Noticed a bag of meat
   209 | D        | Noticed a dread
   209 | D        | Killed an observer
   209 | D        | Killed a dread
   210 | D        | Noticed a large bag of meat
   210 | D        | Killed a fleshlord
   210 | D        | Annihilated by a fleshlord

Vault maps used:
D:        meatsprint

Action                   |  1- 3 |  4- 6 |  7- 9 | 10-12 | 13-15 | 16-18 | 19-21 | 22-24 | 25-27 || total
-------------------------+-------+-------+-------+-------+-------+-------+-------+-------+-------++-------
Melee: Executioner's axe |     1 |       |       |     2 |     1 |     3 |     4 |     7 |    41 ||    59
 Cast: Apportation       |       |       |       |       |       |       |       |       |     3 ||     3
Evoke: Wand              |       |       |       |       |       |       |       |       |     1 ||     1
  Use: Scroll            |       |       |       |       |       |       |       |     1 |     1 ||     2
       Potion            |       |       |       |       |       |       |       |       |     2 ||     2
